 Dungeon Crawl Stone Soup version 0.27-a0-1291-geefcff550b (webtiles) character file.

Game seed: 8632558223566442299

160 dickylongcocking the Magician (level 5, -2/40 HPs)
             Began as a Djinni Fire Elementalist on June 15, 2021.
             Was a Plaything of Xom.
             Killed from afar by Ijyb (7 damage)
             ... with an iceblast
             ... on level 3 of the Dungeon.
             The game lasted 00:02:10 (4191 turns).

dickylongcocking the Magician (DjFE)                Turns: 4191, Time: 00:02:11

Health: -2/40      AC:  2    Str:  5    XL:     5   Next: 69%
Gold:   97         EV: 12    Int: 18    God:    Xom [..*...] SH:  0 Dex: 15

rFire    + + .     SeeInvis .   k - +4 mace (protect)
rCold    x . .     Faith    .   (no shield)
rNeg     . . .     Spirit   .   a - +0 robe
rPois    ∞         Reflect  .   (no helmet)
rElec    .         Harm     .   (no cloak)
rCorr    .         Rampage  .   (no gloves)
Will     .....     Clarity  +   (boots unavailable)
Stlth    ++........             (no amulet)
HPRegen  0.13/turn              (no ring)
MPRegen  0.00/turn              (no ring)

@: flying, very slightly contaminated
A: sickness immunity, fire resistance 2, cold vulnerability 1, float, innate
caster, hp casting, extra vitality 1, agile 1, clarity, weak 1
a: Renounce Religion


You were on level 3 of the Dungeon.
You worshipped Xom.
You were a toy of Xom.
You visited 1 branch of the dungeon, and saw 3 of its levels.

You collected 97 gold pieces.

Inventory:

Hand Weapons
 c - a +0 dagger
 h - a +0 short sword
 k - a +4 mace of protection (weapon)
Armour
 a - a +0 robe (worn)
Scrolls
 b - a scroll of identify {unknown}
 e - a scroll of acquirement {unknown}
 f - a scroll of brand weapon {unknown}
 j - 2 scrolls of noise {unknown}
Potions
 d - a potion of magic {unknown}
 g - a potion of curing
 i - a potion of mutation {unknown}


   Skills:
 * Level 3.1 Fighting
 - Level 2.2 Dodging
 - Level 1.6 Stealth
 * Level 3.7 Spellcasting


You couldn't memorise any spells.
You knew the following spells:

 Your Spells              Type           Power      Damage    Failure   Level
a - Foxfire               Conj/Fire      64%        2x1d7     3%          1
b - Conjure Flame         Conj/Fire      16%        6-21      10%         3
c - Inner Flame           Hex/Fire       16%        N/A       10%         3
d - Sticky Flame          Conj/Fire      16%        2d4       32%         4
e - Fireball              Conj/Fire      8%         3d6       65%         5
f - Sting                 Tmut/Pois      64%        1d6       3%          1
g - Blink                 Tloc           N/A        N/A       4%          2
Your spell library was empty.

Dungeon Overview and Level Annotations

Branches:
Dungeon (3/15)

Altars:
Xom

Annotations:
D:3 Ijyb


Innate Abilities, Weirdness & Mutations

You are immune to sickness and miasma.
You are immune to poison.
Your flesh is very heat resistant. (rF++)
You are vulnerable to cold. (rC-)
You float through the air rather than walking.
You learn spells naturally, not from books.
Your magical power is your life essence.
You have superior vitality. (+4 HP)
You are agile. (Dex +2)
You possess an exceptional clarity of mind.
You are weak. (Str -2)


Message History

Press: ? - help, Shift-Dir - straight line, f/p - Ijyb
Aim: Ijyb, wielding a +0 dagger, wearing a +0 scale mail and carrying a wand of iceblast (7) (moderately wounded, 100% to hit)
The sticky flame hits Ijyb but does no damage.
Ijyb is moderately wounded.
Ijyb is covered in liquid flames!
Ijyb burns!
Ijyb hits you with a +0 dagger.
Unknown command.
Casting: Sticky Flame (extremely dangerous; 32% risk of failure)
Confirm with . or Enter, or press ? or * to list all spells.
Aiming: Sting (safe; 3% risk of failure)
Press: ? - help, Shift-Dir - straight line, f/p - Ijyb
Aim: Ijyb, wielding a +0 dagger, wearing a +0 scale mail and carrying a wand of iceblast (7) (moderately wounded, covered in liquid flames, 80% to hit)
The sting hits Ijyb but does no damage.
Ijyb is poisoned.
Ijyb is moderately wounded.
Ijyb burns!
Ijyb hits you with a +0 dagger.
Unknown command.
Casting: Sting (safe; 3% risk of failure)
Confirm with . or Enter, or press ? or * to list all spells.
Aiming: Sting (safe; 3% risk of failure)
Press: ? - help, Shift-Dir - straight line, f/p - Ijyb
Aim: Ijyb, wielding a +0 dagger, wearing a +0 scale mail and carrying a wand of iceblast (7) (heavily wounded, covered in liquid flames, poisoned, 80% to hit)
The sting misses Ijyb.
Ijyb burns!
Ijyb barely misses you.
Unknown command.
Ijyb burns!
Ijyb burns!
Ijyb stops burning.
Ijyb zaps a wand.
The mass of ice explodes!
The iceblast engulfs you!!
You feel a painful chill!
* * * LOW HITPOINT WARNING * * *
Unknown command.
Unknown command.
Casting: Sting (safe; 3% risk of failure)
Confirm with . or Enter, or press ? or * to list all spells.
Aiming: Sting (safe; 3% risk of failure)
Press: ? - help, Shift-Dir - straight line, f/p - Ijyb
Aim: Ijyb, wielding a +0 dagger, wearing a +0 scale mail and carrying a wand of iceblast (6) (almost dead, poisoned, 71% to hit)
The sting hits Ijyb but does no damage.
Ijyb looks even sicker.
Ijyb is almost dead.
* * * LOW HITPOINT WARNING * * *
Ijyb zaps a wand.
The mass of ice explodes!
The iceblast engulfs you!
You feel a painful chill!
You die... "What!?
That's it?"

#.# ##.#.#.............
#.# ##.###############
#.########.# #
#..........# ####
#.########## .... #.#
##### #### #.# #...
#.##########.###########
#........@.g............
####.######..#########..
#.# #..#### #.# #.....#
#.# #.###.# #.# #.# #.#
#.# #.# #.# #.## #.###.#
#..## #.....#


You could see Ijyb (very poisoned).

Vanquished Creatures
  A crimson imp (D:3)
  An iguana (D:3)
  Jessica (D:2)
  An adder (D:2)
  2 worms (D:2)
  2 dart slugs (D:2)
  5 endoplasms
  6 giant cockroaches
  2 goblins (D:1)
  7 hobgoblins (D:1)
  6 jackals (D:1)
  A kobold (D:1)
  2 quokkas
  2 ball pythons
  4 bats (D:2)
  3 frilled lizards (D:2)
  5 rats (D:1)
51 creatures vanquished.

Vanquished Creatures (others)
  239 foxfires
239 creatures vanquished.

Grand Total: 290 creatures vanquished

Notes
Turn   | Place    | Note
-------+----------+-------------------------------------------
     0 | D:1      | dickylongcocking the Djinni Fire Elementalist began the
                  | quest for the Orb.
     0 | D:1      | Reached XP level 1. HP: 15/15 MP: 0/0
   180 | D:1      | Reached XP level 2. HP: 9/21 MP: 0/0
   913 | D:1      | Reached skill level 1 in Fighting
   919 | D:1      | Reached XP level 3. HP: 18/27 MP: 0/0
   919 | D:1      | Learned a level 1 spell: Sting
  1399 | D:1      | Found a faded altar of an unknown god.
  1439 | D:1      | Became a worshipper of Xom of Chaos
  1475 | D:1      | XOM: divination: detect creatures
  2405 | D:2      | Reached XP level 4. HP: 29/33 MP: 0/0
  2775 | D:2      | Noticed Jessica
  2780 | D:2      | XOM: confuse monster(s)
  2784 | D:2      | Killed Jessica
  3327 | D:2      | XOM: noise
  3389 | D:2      | Reached XP level 5. HP: 8/39 MP: 0/0
  3389 | D:2      | Learned a level 2 spell: Blink
  3497 | D:2      | XOM: give mutations
  3497 | D:2      | Gained mutation: You possess an exceptional clarity of
                  | mind. [Xom's mischief]
  3497 | D:2      | Gained mutation: You are weak. (Str -2) [Xom's mischief]
  3497 | D:2      | Lost mutation: You are weak. (Str -2) [Xom's mischief]
  3497 | D:2      | Gained mutation: You are weak. (Str -2) [Xom's mischief]
  3730 | D:2      | XOM is BORED!
  3754 | D:2      | XOM: give mutation
  3754 | D:2      | Gained mutation: You are agile. (Dex +2) [Xom's grace]
  3885 | D:3      | Noticed Grinder
  3895 | D:3      | Noticed Grinder
  3895 | D:3      | Grinder changed into Grinder the crimson imp
  3895 | D:3      | XOM: polymorph Grinder -> Grinder the crimson imp
  3906 | D:3      | Killed Grinder the crimson imp
  4172 | D:3      | Noticed Ijyb
  4191 | D:3      | Killed from afar by Ijyb

Illustrated notes

Levels and vault maps discovered:
D:1:      dpeg_arrival_tiny_g, layout_basic, ebering_ecumenical_altar_rust,
          minmay_misc_feat_encased, minmay_tall_x
D:2:      minmay_angry_zag, layout_basic, grunt_ministairs_6, fountainhead,
          uniq_jessica
D:3:      kennysheep_slugbush, layout_loops_ring, uniq_grinder,
          uniq_crazy_yiuf_cottage, uniq_ijyb

Skill      XL: |  1  2  3  4  5 |
---------------+----------------+-----
Fighting       | 1 2 3 |  3.1
Spellcasting   | 3 |  3.7
Dodging        | |  2.2
Stealth        | |  1.6

Action                   |  1- 3 |  4- 6 || total
-------------------------+-------+-------++-------
Melee: Dagger            |     5 |     1 ||     6
       Short sword       |       |     6 ||     6
       Mace              |       |     1 ||     1
 Cast: Foxfire           |   116 |    64 ||   180
       Sting             |       |    10 ||    10
       Sticky Flame      |       |     1 ||     1
  Use: Potion            |       |     1 ||     1
Armor: Robe              |     2 |     4 ||     6
Dodge: Dodged            |    11 |    16 ||    27

Table legend: (Time is in decaauts)
 A = Elapsed time spent in this place.
 B = Non-inter-level travel time spent in this place.
 C = Inter-level travel time spent in this place.
 D = Time resting spent in this place.
 E = Time spent auto-exploring this place.
 F = Levels seen in this place.
 G = Mean time per level.
                   A        B        C        D        E       F      G
               +--------+--------+--------+--------+--------+-----+--------+
         Total |   4189 |   4115 |     74 |    450 |   3237 |   3 | 1396.3 |
       Dungeon |   4189 |   4115 |     74 |    450 |   3237 |   3 | 1396.3 |
               +--------+--------+--------+--------+--------+-----+--------+

Top non-repeatable levels by time:
     D:1: 2262 daAuts
     D:2: 1528 daAuts
     D:3: 398 daAuts
